 Dungeon Crawl Stone Soup version 0.24-a0-521-g122614bf49 (webtiles) character file.

Game seed: 7090921013199375991

16447 GordonOverkill the Basher (level 11, -25/88 HPs)
             Began as a Demigod Fire Elementalist on July 30, 2019.
             Killed from afar by a frost giant (32 damage)
             ... with a bolt of cold
             ... in an ice cave.
             The game lasted 00:36:49 (16828 turns).

GordonOverkill the Basher (DgFE)                   Turns: 16828, Time: 00:36:49

Health: -25/88     AC: 18    Str: 17    XL:     11   Next: 80%
Magic:  19/19      EV: 15    Int: 19    God:
Gold:   559        SH:  6    Dex: 22    Spells: 13/13 levels left

rFire    . . .     SeeInvis .   t - +7 flail (freeze) (curse)
rCold    . . .     Gourm    +   p - +0 buckler
rNeg     . . .     Faith    .   r - +7 ring mail of Wyro {Dex+6}
rPois    .         Spirit   .   k - +2 hat
rElec    .         Reflect  .   E - +0 cloak
rCorr    .         Harm     .   y - +1 pair of gloves
MR       +....                  (no boots)
Stlth    ++........             b - amulet of the gourmand
HPRegen  0.24/turn              o - +2 ring of evasion
MPRegen  0.16/turn              (no ring)

@: no status effects
A: high mp 1
a: no special abilities


You were in an ice cave.
You were full.

You visited 1 branch of the dungeon, and saw 11 of its levels.
You also visited: Ice Cave.

You collected 559 gold pieces.

Inventory:

Hand Weapons
 i - a +3 flail of freezing
 j - a +3 whip of flaming
 t - a cursed +7 flail of freezing (weapon)
 D - a +0 whip of venom
Missiles
 e - 7 boomerangs (quivered)
 n - 3 silver boomerangs
 u - a throwing net
Armour
 k - a +2 hat (worn)
 p - a +0 buckler (worn)
 r - the +7 ring mail of Wyro (worn) {Dex+6}
   (You took it off an orc on level 4 of the Dungeon)

   It affects your dexterity (+6).
 y - a +1 pair of gloves (worn)
 E - a +0 cloak (worn)
Jewellery
 b - an amulet of the gourmand (around neck)
 o - a +2 ring of evasion (left hand)
Wands
 g - a wand of iceblast (7)
 w - a wand of enslavement (9)
 B - a wand of digging (12)
Scrolls
 a - 3 scrolls of remove curse
 d - a scroll of magic mapping
 h - a scroll of blinking
 G - 2 scrolls of fog
Potions
 f - 4 potions of curing
 l - a potion of mutation
 m - 3 potions of haste {unknown}
 q - 2 potions of heal wounds
 x - a potion of ambrosia
 C - a potion of invisibility
Comestibles
 c - 19 rations


   Skills:
 + Level 5.3 Fighting
 + Level 14.1 Maces & Flails
 + Level 4.8 Armour
 - Level 3.0 Dodging
 - Level 1.7 Stealth
 - Level 4.0 Shields
 - Level 1.7 Spellcasting
   Level 0.8 Conjurations
   Level 2.6 Fire Magic
 - Level 6.0 Evocations


You had 13 spell levels left.
You didn't know any spells.
Your spell library contained the following spells:

 Spells                   Type           Power        Failure   Level  Hunger
 Flame Tongue             Conj/Fire      #....        14%         1    #......
 Throw Flame              Conj/Fire      #.....       22%         2    ###....
 Beastly Appendage        Tmut           #.....       30%         1    #......
 Sticks to Snakes         Tmut           #.......     41%         2    ###....
 Conjure Flame            Conj/Fire      #.......     41%         3    ###....
 Inner Flame              Hex/Fire       #.......     45%         3    ###....
 Spider Form              Tmut/Pois      #.........   65%         3    ###....
 Sticky Flame             Conj/Fire      #.......     82%         4    #####..
 Ice Form                 Ice/Tmut       #.......     96%         4    #####..
 Fireball                 Conj/Fire      #.........   99%         5    ######.
 Blade Hands              Tmut           #.........   100%        5    ######.


Dungeon Overview and Level Annotations

Branches:
Dungeon (11/15)            Temple (0/1) D:4             Orc (0/2) D:10
   Lair: D:8-11

Shops:
D:5 !

Annotations:
D:6 2 runed translucent doors, feta's ghost, novice GrGl
D:7 exclusion: ugly thing
D:9 3 runed translucent doors, PeterQ's ghost, novice GnAs


Innate Abilities, Weirdness & Mutations

You have an increased reservoir of magic. (+10% MP)


Message History

Okay, then.
As you read the scroll of teleportation, it crumbles to dust.
You feel strangely unstable.
You start waiting.
Your surroundings suddenly seem different.
The frost giant casts a spell at you. The bolt of cold hits you!
The frost giant gestures at you while chanting.
The bolt of cold misses you.
The frost giant points at you and mumbles some strange words.
The bolt of cold misses you. The frost giant casts a spell at you.
The bolt of cold hits you!!
Found an arbalest of freezing.
The frost giant casts a spell at you. The bolt of cold hits you!!!
* * * LOW HITPOINT WARNING * * *
The frost giant casts a spell at you. The bolt of cold hits you!!
You die...

#.#.##
##.### #.##
## #.## .#
#..# .#
##.# ##.#
##.# ##..
#.## #..#
#.## #.@#
#..## ##.##
##..###C.#
#...#..#.#
##.....##)#
#....## #.#
##..## #.#
#..# ##
####


You could see a frost giant.

Vanquished Creatures
  2 death yaks (IceCv)
  An unseen horror (D:10)
  Maurice (D:8)
  A rime drake (D:11)
  12 polar bears
  A troll (D:8)
  A hornet (D:10)
  A hippogriff (D:8)
  A spriggan (D:7)
  A wraith (D:11)
  A wyvern (D:10)
  18 yaks
  4 fire bats (D:9)
  A hungry ghost (D:7)
  Edmund (D:4)
  A hell hound (D:9)
  4 orc warriors
  A hornet zombie (D:10)
  6 ice beasts
  A sky beast (D:11)
  2 black bears (D:9)
  A necrophage (D:9)
  2 centaurs (D:5)
  6 ogres
  4 phantoms
  12 wolves
  Blork the orc (D:4)
  2 big kobolds
  4 bullfrogs
  A wyvern zombie (D:7)
  4 scorpions
  15 killer bees
  10 wights
  4 electric eels (D:10)
  3 howler monkeys (D:9)
  A jelly (D:5)
  2 bullfrog zombies
  2 crimson imps
  2 lava snakes (D:9)
  2 quasits (D:9)
  A centaur zombie (D:5)
  7 orc priests
  4 hounds
  11 orc wizards
  3 iguanas
  4 bullfrog skeletons
  8 worker ants
  A killer bee zombie (D:7)
  A hound zombie (D:6)
  2 hound skeletons
  A worker ant zombie (D:10)
  14 gnolls
  7 adders
  A shadow imp (D:5)
  2 oozes
  2 adder skeletons
  3 worms
  2 dart slugs
  5 leopard geckos
  55 orcs
  8 bats
  7 giant cockroaches
  8 goblins
  5 hobgoblins
  5 quokkas
  5 frilled lizards
  A jackal zombie (D:7)
  14 kobolds
  A leopard gecko skeleton (D:4)
  2 quokka skeletons (D:7)
  11 rats
  A butterfly (D:5)
  A fire vortex (D:9)
343 creatures vanquished.

Vanquished Creatures (others)
  6 polar bears (IceCv)
  An orc (D:10)
  2 fire vortices (D:9)
9 creatures vanquished.

Grand Total: 352 creatures vanquished

Notes
Turn   | Place    | Note
-------+----------+-------------------------------------------
     0 | D:1      | GordonOverkill the Demigod Fire Elementalist began the
                  | quest for the Orb.
     0 | D:1      | Reached XP level 1. HP: 14/14 MP: 5/5
   220 | D:1      | Reached XP level 2. HP: 22/22 MP: 4/7
   345 | D:1      | Reached skill level 1 in Fighting
   345 | D:1      | Reached skill level 1 in Armour
   782 | D:1      | Reached XP level 3. HP: 28/28 MP: 5/8
  1472 | D:2      | Reached skill level 1 in Maces & Flails
  1472 | D:2      | Reached XP level 4. HP: 36/36 MP: 2/9
  2021 | D:2      | Reached XP level 5. HP: 35/42 MP: 5/10
  2504 | D:2      | Reached skill level 2 in Maces & Flails
  2761 | D:3      | Found a blossoming altar of Fedhas.
  2776 | D:3      | Found a shimmering altar of Xom.
  2826 | D:3      | You fall into a shaft and drop 1 floor!
  2826 | D:4      | Found a staircase to the Ecumenical Temple.
  3369 | D:3      | Reached skill level 3 in Maces & Flails
  3737 | D:4      | Noticed an ogre
  3742 | D:4      | Killed an ogre
  3742 | D:4      | Reached XP level 6. HP: 13/51 MP: 11/11
  4012 | D:4      | Found an ancient bone altar of Kikubaaqudgha.
  4012 | D:4      | Noticed Blork the orc
  4198 | D:4      | Reached skill level 4 in Maces & Flails
  4208 | D:4      | Noticed Edmund
  4284 | D:4      | Killed Edmund
  4284 | D:4      | Reached skill level 5 in Maces & Flails
  4284 | D:4      | Reached XP level 7. HP: 19/57 MP: 12/12
  4658 | D:4      | Identified the +7 ring mail of Wyro {Dex+6}
  4864 | D:4      | Killed Blork the orc
  4864 | D:4      | Reached skill level 6 in Maces & Flails
  4985 | D:5      | Entered Level 5 of the Dungeon
  5007 | D:5      | Found a stormy altar of Qazlal.
  5113 | D:5      | Found Otacs's Distillery.
  5225 | D:5      | Found a deep blue altar of Sif Muna.
  5449 | D:5      | Reached skill level 7 in Maces & Flails
  5960 | D:6      | Reached XP level 8. HP: 62/63 MP: 13/13
  6052 | D:6      | Found a runed translucent door.
  6053 | D:6      | Noticed feta's ghost (novice GrGl)
  6171 | D:6      | Reached skill level 1 in Shields
  6202 | D:6      | Found a runed translucent door.
  6321 | D:6      | Found an opulent altar of Gozag.
  6406 | D:6      | Reached skill level 8 in Maces & Flails
  6872 | D:7      | Reached skill level 1 in Evocations
  7582 | D:7      | Reached XP level 9. HP: 69/69 MP: 14/14
  7615 | D:7      | Noticed a brown ugly thing
  7847 | D:8      | Reached skill level 9 in Maces & Flails
  7858 | D:8      | Found a blossoming altar of Fedhas.
  8042 | D:8      | Found a white marble altar of Elyvilon.
  8103 | D:8      | Noticed Maurice
  8147 | D:8      | Killed Maurice
  8147 | D:8      | Reached skill level 5 in Evocations
  8265 | D:8      | Found a hide-covered altar of Uskayaw.
  8587 | D:8      | Reached skill level 10 in Maces & Flails
  8598 | D:8      | Found a basalt altar of Yredelemnul.
  9124 | D:8      | Reached XP level 10. HP: 48/77 MP: 17/17
  9482 | D:9      | Found a bloodstained altar of Trog.
  9574 | D:9      | Reached skill level 11 in Maces & Flails
  9658 | D:9      | Found a runed translucent gate.
  9658 | D:9      | Found a runed translucent gate.
  9658 | D:9      | Found a runed translucent gate.
  9659 | D:9      | Noticed PeterQ's ghost (novice GnAs)
 10386 | D:10     | Entered Level 10 of the Dungeon
 10643 | D:10     | Reached skill level 12 in Maces & Flails
 11159 | D:10     | Killed an unseen horror
 11565 | D:10     | HP: 1/77 [orc priest/nerve-wracking pain (14)]
 12304 | D:10     | Found a staircase to the Orcish Mines.
 12505 | D:10     | Found a burning altar of Makhleb.
 12557 | D:10     | Noticed a cacodemon
 13207 | D:11     | Found a frozen archway.
 13210 | D:11     | Reached skill level 13 in Maces & Flails
 13218 | D:11     | Reached XP level 11. HP: 82/82 MP: 19/19
 13514 | IceCv    | Entered an ice cave
 14909 | IceCv    | Noticed a death yak
 14946 | IceCv    | Killed a death yak
 14959 | IceCv    | Reached skill level 14 in Maces & Flails
 15410 | IceCv    | Reached skill level 5 in Fighting
 15465 | IceCv    | Noticed a death yak
 15465 | IceCv    | Noticed a frost giant
 15960 | IceCv    | Killed a death yak
 16828 | IceCv    | Killed from afar by a frost giant

Levels and vault maps discovered:
D:1:      sevenhm_arrival_forest_fort_small_6, layout_basic
D:2:      layout_basic
D:3:      cheibrodos_helix_gallery, layout_basic,
          nicolae_overflow_crystal_walls, first_ration, fedhas_altar_1
D:4:      layout_basic, kiku_gazebo_garden_becter,
          minmay_temple_entry_glassed_door, uniq_blork_the_orc, uniq_edmund
D:5:      layout_basic, lemuel_blue_sif_altar, serial_shops,
          nicolae_shop_behind_doors, hangedman_glass_garden,
          lemuel_altar_in_water
D:6:      layout_loops_ring, overflow_temple_1_default, ebering_ghost_sewer_f,
          corexii_leaking_fountain
D:7:      layout_rooms, the_bakery
D:8:      layout_rooms, kennysheep_little_box, elyvilon_altar_1,
          lemuel_doored_altar, eat_drink_and_be_merry_uskayaw, uniq_maurice
D:9:      layout_basic, lightli_temple_of_fire, ebering_ghost_rock_garden,
          hangedman_incinerator
D:10:     layout_loops_ring, erik_orc_2, makhleb_altar_promises_db
D:11:     cheibrodos_steamvent, layout_loops_ring, dpeg_lair_monsters,
          portal_ice_cave_entry_animals_and_master
IceCv:    ice_cave_caverns_03

Skill      XL: |  1  2  3  4  5  6  7  8  9 10 11 |
---------------+----------------------------------+-----
Dodging        | 2 3 |  3.0
Fighting       | 1 2 3 5 |  5.3
Armour         | 1 2 4 |  4.8
Maces & Flails | 1 3 5 7 8 10 13 14 | 14.1
Shields        | 4 |  4.0
Evocations     | 3 6 |  6.0
Stealth        | |  1.7
Spellcasting   | |  1.7
Conjurations   | |  0.8
Fire Magic     | |  2.6

Action                   |  1- 3 |  4- 6 |  7- 9 | 10-12 || total
-------------------------+-------+-------+-------+-------++-------
Melee: Halberd           |    16 |       |       |       ||    16
       Whip              |       |    50 |       |       ||    50
       Flail             |       |   131 |   491 |   593 ||  1215
Throw: Stone             |    28 |    79 |       |       ||   107
       Boomerang         |       |    15 |    23 |     6 ||    44
 Cast: Flame Tongue      |    40 |    55 |       |       ||    95
Evoke: Wand              |       |       |     1 |    10 ||    11
  Use: Scroll            |       |     8 |    11 |    11 ||    30
       Potion            |       |     2 |       |     5 ||     7
 Stab: Sleeping          |     1 |       |     2 |     1 ||     4
       Invisible         |       |     5 |       |       ||     5
  Eat: Chunk             |    12 |     8 |    24 |    22 ||    66
Armor: Robe              |     6 |     3 |       |       ||     9
       Scale mail        |       |    67 |    22 |       ||    89
       Ring mail         |       |       |   210 |   181 ||   391
Dodge: Dodged            |    25 |   109 |   315 |   290 ||   739
Block: Buckler           |       |       |   109 |   149 ||   258

Table legend:
 A = Non-vault XP
 B = Vault XP
 C = Vault XP percentage of total XP
 D = Non-vault monster count
 E = Vault monster count
 F = Vault count percentage of total count
                 A         B        C        D         E       F
            +---------+---------+-------+---------+---------+-------
      Total |   10228 |   13268 |  56.5 |     262 |      79 |  23.2
            +---------+---------+-------+---------+---------+-------
        D:1 |      61 |       0 |   0.0 |      25 |       0 |   0.0
        D:2 |     256 |       0 |   0.0 |      22 |       0 |   0.0
        D:3 |     114 |       3 |   2.6 |      25 |       2 |   7.4
        D:4 |     436 |     260 |  37.4 |      24 |       2 |   7.7
        D:5 |     522 |       0 |   0.0 |      11 |       0 |   0.0
        D:6 |     504 |       0 |   0.0 |      12 |       0 |   0.0
        D:7 |    1151 |     229 |  16.6 |      27 |       1 |   3.6
        D:8 |    2416 |     449 |  15.7 |      36 |       1 |   2.7
        D:9 |    1268 |    1023 |  44.7 |      29 |       7 |  19.4
       D:10 |    2924 |     667 |  18.6 |      46 |      21 |  31.3
       D:11 |     576 |    1904 |  76.8 |       5 |       8 |  61.5
      IceCv |       0 |    8733 | 100.0 |       0 |      37 | 100.0
            +---------+---------+-------+---------+---------+-------
